 Dungeon Crawl Stone Soup version 0.17-b1-36-g7b1967c (console) character file.

13 gw the Cudgeler (level 2, 0/22 HPs)
             Began as a Human Gladiator on Nov 7, 2015.
             Slain by a goblin
             ... wielding a +0 spear
              (3 damage)
             ... on level 1 of the Dungeon.
             The game lasted 00:00:43 (669 turns).

gw the Cudgeler (Human Gladiator)                    Turns: 669, Time: 00:00:43

Health: 0/22       AC:  5    Str: 15    XL:     2   Next: 50%
Magic:  2/2        EV: 12    Int:  8    God:
Gold:   61         SH:  0    Dex: 13    Spells: 0 memorised, 1 level left

rFire  . . .     SeeInvis .     a - +0 flail
rCold  . . .     Clarity  .     b - +0 leather armour
rNeg   . . .     SustAt   .     (no shield)
rPois  .         Gourm    .     c - +0 helmet
rElec  .         Spirit   .     f - +0 cloak
rCorr  .         Warding  .     (no gloves)
rMut   .         Stasis   .     (no boots)
MR     .....                    (no amulet)
Stlth  +.........               (no ring)
                                (no ring)

@: not resistant to hostile enchantments, very unstealthy
A: no striking features
a: no special abilities


You were on level 1 of the Dungeon.
You were not hungry.

You visited 1 branch of the dungeon, and saw 1 of its levels.

You collected 61 gold pieces.

Inventory:

Hand Weapons
 a - a +0 flail (weapon)
Missiles
 d - 3 throwing nets
Armour
 b - a +0 leather armour (worn)
 c - a +0 helmet (worn)
 f - a +0 cloak (worn)
Comestibles
 e - a bread ration


   Skills:
 + Level 2.0 Fighting
 * Level 3.4 Maces & Flails
 - Level 2.0 Throwing
 + Level 1.0 Armour
 - Level 3.0 Dodging


You had one spell level left.
You didn't know any spells.

Dungeon Overview and Level Annotations

Branches:
Dungeon (1/15)

Altars:


Message History

Unknown command.
Unknown command.
Attempting RANGED ATTACK TO (-2,0); ATTACKING (-1,0)
You swing at nothing.
The goblin hits you but does no damage.
Unknown command.
Unknown command.
Unknown command.
Unknown command.
Attempting RANGED ATTACK TO (-2,0); ATTACKING (-1,0)
You swing at nothing.
The goblin hits you from afar with a spear.
The goblin hits you but does no damage.
Unknown command.
Unknown command.
Unknown command.
Unknown command.
Attempting RANGED ATTACK TO (-2,0); ATTACKING (-1,0)
You swing at nothing.
The goblin hits you from afar with a spear.
You die...

####
##....#########
#....g.p......#
.......######.#
.#....# #.#
...#.# #.# ##
#. #.# # #.#
###.### #.....#
#.....#


You could see a goblin.

Table legend:
 A = Turns spent in this place as a percentage of turns spent in the entire game.
 B = Non-inter-level travel turns spent in this place as a percentage of non-inter-level travel turns spent in the entire game.
 C = Inter-level travel turns spent in this place as a percentage of turns spent in this place.
 D = Turns resting spent in this place as a percentage of non-inter-level travel turns spent in this place.
 E = Turns spent auto-exploring this place as a percentage of non-inter-level travel turns spent in this place.
 F = Non-inter-level travel turns spent in this place divided by the number of levels of this place that you've seen.
                   A       B       C       D       E      F
               +-------+-------+-------+-------+-------+----------------------
         Total | 100.0 | 100.0 |   0.0 |   0.8 |   2.3 | 1021.0
       Dungeon | 100.0 | 100.0 |   0.0 |   0.8 |   2.3 | 1021.0
               +-------+-------+-------+-------+-------+----------------------

Table legend:
 A = Kills in this place as a percentage of kills in entire the game.
 B = Kills by you in this place as a percentage of kills by you in the entire game.
 C = Kills by friends in this place as a percentage of kills by friends in the entire game.
 D = Other kills in this place as a percentage of other kills in the entire game.
 E = Experience gained in this place as a percentage of experience gained in the entire game.
 F = Experience gained in this place divided by the number of levels of this place that you have seen.
                   A       B       C       D       E      F
               +-------+-------+-------+-------+-------+----------------------
         Total | 100.0 | 100.0 |  -nan |  -nan | 100.0 |  19.0
       Dungeon | 100.0 | 100.0 |  -nan |  -nan | 100.0 |  19.0
               +-------+-------+-------+-------+-------+----------------------

Vanquished Creatures
  A bat (D:1)
  A giant cockroach (D:1)
  A hobgoblin (D:1)
  3 kobolds (D:1)
  2 ball pythons (D:1)
  A goblin (D:1)
  3 rats (D:1)
12 creatures vanquished.

Notes
Turn   | Place    | Note
--------------------------------------------------------------
     0 | D:1      | gw the Human Gladiator began the quest for the Orb.
     0 | D:1      | Reached XP level 1. HP: 16/16 MP: 1/1
   383 | D:1      | Reached skill level 1 in Armour
   383 | D:1      | Reached XP level 2. HP: 20/22 MP: 2/2
   669 | D:1      | Slain by a goblin

Action                   || total
-------------------------++-------
Melee: Flail             ||    53

Vault maps used:
D:1:      roderic_dead_forest, minmay_misc_feat_encased
